Map: Dreamcatcher LE

Players

Grimreaper - Winner!

  • Race: Terran Terran
  • League: Platinum
  • Spawn Location: 11:00

Juxtapose

  • Race: Terran Terran
  • League: Platinum
  • Spawn Location: 5:00

VOD

https://youtu.be/rtTpjxIEPKs

Description

It seems Terran vs Terran is a match up I'll be struggling in again; I just find it quite difficult to crack that turtle and properly defend against their sieges as well.

I think next match I'll try a basic Marine and Cyclone rush. If that fails, I might start toying with going a lot of air: Banshee's, Vikings, and some Raven support.

Time

  • Played on: Aug. 2, 2018, 7:12 p.m.
  • Length: 11:50
Show
View Real Time Build Order
Export as new Build Order

Grimreaper Terran - Winner!

Build Orders: Mech 

Get SALT Encoding   

  12  0:01  SCV  
  13  0:13  SCV  
  14  0:17  Supply Depot  
  14  0:25  SCV  
  15  0:32  Refinery  
  15  0:38  SCV  
  16  0:47  Barracks  
  16  0:51  SCV  
  17  1:03  SCV  
  18  1:15  SCV  
  19  1:27  SCV  
  20  1:38  Barracks Reactor, Command Center  
  20  1:41  SCV  
  21  1:51  Factory  
  21  1:55  SCV  
  22  2:02  Refinery  
  22  2:11  Orbital Command  
  22  2:15  Reaper  
  23  2:50  SCV  
  24  2:53  Factory  
  24  2:54  Orbital Command, Barracks Tech Lab  
  24  3:02  Cyclone  
  24  3:03  SCV  
  28  3:18  Orbital Command  
  28  3:19  Supply Depot  
  28  3:26  Barracks Reactor  
  28  3:30  SCV  
  29  3:37  Cyclone  
  32  3:46  SCV x2  
  34  3:51  Starport  
  34  3:54  Supply Depot  
  34  3:58  SCV  
  35  4:12  Siege Tank  
  35  4:13  SCV  
  35  4:15  SCV  
  40  4:18  Supply Depot  
  40  4:21  Supply Depot  
  40  4:26  SCV  
  40  4:27  SCV  
  40  4:29  Engineering Bay  
  42  4:34  Factory  
  42  4:35  Barracks Tech Lab  
  42  4:38  SCV  
  43  4:39  SCV  
  43  4:42  Refinery  
  43  4:43  Liberator  
  43  4:45  Refinery  
  44  4:46  Supply Depot  
  44  4:52  Supply Depot  
  44  4:55  SCV  
  44  4:56  SCV  
  49  5:08  SCV x2  
  51  5:14  Supply Depot  
  51  5:18  Siege Tank  
  51  5:19  Supply Depot  
  54  5:38  Siege Tank  
  57  5:53  SCV  
  57  5:54  SCV  
  59  5:58  Siege Tank  
  62  6:05  SCV  
  62  6:06  SCV  
  64  6:16  Siege Tank  
  64  6:17  SCV  
  68  6:23  Supply Depot  
  68  6:25  Supply Depot  
  68  6:45  Cyclone  
  68  6:46  Viking x2  
  64  7:17  Siege Tank  
  64  7:18  Siege Tank  
  70  7:28  Supply Depot x2, Liberator  
  70  7:30  Supply Depot  
  70  7:31  SCV  
  70  7:33  SCV  
  72  7:43  SCV  
  73  7:45  Viking  
  73  7:49  Command Center  
  78  7:59  Siege Tank  
  81  8:05  SCV  
  81  8:07  SCV  
  83  8:16  Starport  
  83  8:17  Viking  
  83  8:18  SCV  
  83  8:19  SCV  
  87  8:24  Supply Depot  
  87  8:27  Supply Depot  
  87  8:30  Liberator  
  87  8:38  Viking  
  92  8:50  Siege Tank  
  95  9:01  Siege Tank  
  98  9:03  Starport Reactor  
  98  9:30  Liberator  
  98  9:42  Command Center  
  98  9:46  Siege Tank  
  98  9:47  Viking, Siege Tank  
  109  9:56  Orbital Command  
  109  10:18  Siege Tank  
  104  10:29  Viking  
  104  10:30  Viking x2  
Show
View Real Time Build Order
Export as new Build Order

Juxtapose Terran 

Build Orders:  

Get SALT Encoding   

  12  0:01  SCV  
  13  0:13  SCV  
  14  0:23  Supply Depot  
  14  0:25  SCV  
  15  0:45  SCV  
  16  0:51  Supply Depot  
  16  0:54  Barracks  
  16  0:58  SCV  
  16  1:04  Refinery  
  17  1:10  SCV  
  18  1:22  SCV  
  18  1:23  Refinery  
  19  1:34  SCV  
  20  1:42  Marine  
  21  1:49  Orbital Command  
  21  2:07  Engineering Bay  
  21  2:08  Barracks Reactor  
  21  2:16  Factory, SCV  
  22  2:28  SCV  
  23  2:37  Terran Infantry Weapons Level 1  
  23  2:41  SCV  
  24  2:46  Marine x2  
  26  2:53  SCV  
  27  3:02  Starport  
  27  3:07  Widow Mine  
  27  3:11  Missile Turret  
  27  3:12  Marine x2  
  31  3:35  Supply Depot  
  31  3:47  Starport Reactor  
  31  3:49  Factory Tech Lab  
  31  3:57  Marine x2  
  33  4:07  Command Center  
  33  4:10  Supply Depot  
  33  4:12  Cyclone  
  33  4:14  Marine x2  
  38  4:31  Medivac x2  
  38  4:35  Supply Depot  
  38  4:36  Marine x2  
  44  4:44  Cyclone, Liberator  
  47  4:56  Marine x2  
  49  5:00  Supply Depot  
  52  5:13  Barracks  
  52  5:21  Liberator  
  52  5:35  Terran Infantry Armor Level 1  
  39  7:14  Orbital Command  
  39  7:15  Marine x2  
  40  7:16  Siege Tank  
  43  7:24  SCV  
  43  7:25  Liberator  
  44  7:31  Command Center  
  44  7:34  Barracks Tech Lab  
  44  7:35  Marine x2  
  44  7:36  SCV  
  50  7:48  Siege Tank  
  50  7:49  SCV  
  54  7:54  Marine x2  
  56  8:13  Marine  
  56  8:14  Marine  
  56  8:16  Marauder  
  56  8:18  Stimpack  
  60  8:20  Siege Tank  
  63  8:35  Marine x2  
  63  8:37  Marauder  
  67  8:44  Armory  
  67  8:46  SCV  
  68  8:52  Siege Tank  
  71  8:58  SCV  
  72  9:07  Marine  
  72  9:08  Marine  
  72  9:09  Marauder  
  76  9:14  SCV, Barracks  
  76  9:16  Refinery  
  73  9:26  SCV  
  73  9:30  Marauder  
  72  9:43  Marine  
  72  9:44  Marine  
  74  9:48  Refinery  
  74  9:52  Marauder  
  76  10:01  Marine x2  
  78  10:18  Combat Shields  
  77  10:21  Marauder, SCV  
  77  10:31  Marine  
  77  10:32  Marine  
  77  10:33  SCV  
  77  10:52  Marine  
  77  10:53  Marine  
  77  10:54  Medivac  
  78  10:58  Medivac  
  78  11:03  Marauder  
  78  11:11  Siege Tank  
  77  11:15  Marine x2  
  59  11:25  Marauder  
  49  11:31  Marine  
Tags
 
Composition
Mech
Matchup
TvT
Race
Terran
Spawn Locations
Cross Positions
Add a new tag
Caveats
  • Supply blocks, unpowered buildings, or Contaminate may cause inaccurate times.
  • Supply counts are checked every 10 seconds.